 Dungeon Crawl Stone Soup version 0.32-a0-128-g77eb882913 (webtiles) character file.

Game seed: 10122819777700163516

13742 Esekla the Covert (level 12, -10/81 HPs)
             Began as an Octopode Delver on Feb 7, 2024.
             Was an Initiate of Gozag.
             Killed from afar by an ice statue (29 damage)
             ... with a shard of ice
             ... in an ice cave.
             The game lasted 02:06:47 (15944 turns).

Esekla the Covert (Octopode Delver)                Turns: 15944, Time: 02:06:48

Health: -10/81     AC:  3    Str: 12    XL:     12   Next: 9%
Magic:  30/30      EV: 16    Int: 16    God:    Gozag
Gold:   326        SH:  5    Dex: 14    Spells: 13/23 levels left

rFire   + . .        a - +1 demon blade (elec)
rCold   . . .        A - +0 buckler
rNeg    . . .        F - +2 hat
rPois   .            D - amulet of the acrobat
rElec   .            p - ring of protection from fire
rCorr   .            v - ring of magical power
SInv    .            I - +4 ring of slaying
Will    .....        (no ring)
Stlth   ++++++       (no ring)
HPRegen 0.33/turn    (no ring)
MPRegen 0.22/turn    (no ring)
                     (no ring)

%: acrobat
@: no status effects
A: almost no armour, amphibious, 8 rings, camouflage 1, gelatinous body 1,
(nimble swimmer 1), tentacles
a: Renounce Religion, Potion Petition, Call Merchant, Bribe Branch


You were in an ice cave.
You worshipped Gozag.
Gozag was aware of your devotion.
You visited 2 branches of the dungeon, and saw 12 of its levels.
You also visited: Ice Cave.

You collected 2992 gold pieces.
You spent 1410 gold pieces at shops.
You paid 1256 gold pieces to Gozag.

Inventory:

Hand Weapons
 a - a +1 demon blade of electrocution (weapon)
 e - a +2 dagger of electrocution
 g - a +0 dagger of protection
 r - a +3 trident
 s - a +4 dagger of venom
Missiles
 o - 26 poisoned darts
 E - 6 boomerangs (quivered)
 G - 6 curare-tipped darts
Armour
 A - a +0 buckler (worn)
 F - a +2 hat (worn)
Jewellery
 p - a ring of protection from fire (left tentacle)
 v - a ring of magical power (right tentacle)
 D - an amulet of the acrobat (around mantle)
 I - a +4 ring of slaying (on tentacle)
Wands
 f - a wand of digging (2)
 n - a wand of flame (39)
 w - a wand of roots (10)
 J - a wand of paralysis (13)
 L - a wand of light (7)
 O - a wand of mindburst (6)
Scrolls
 b - 2 scrolls of fog
 i - a scroll of enchant weapon {unknown}
 j - 2 scrolls of enchant armour
 k - 3 scrolls of amnesia
 l - 2 scrolls of revelation
 q - 2 scrolls of blinking
 C - a scroll of silence
 N - a scroll of brand weapon
Potions
 d - 2 potions of haste
 h - 2 potions of attraction
 m - 5 potions of curing
 t - 2 potions of cancellation
 u - 2 potions of might
 x - 3 potions of enlightenment
 z - 2 potions of lignification
 H - 2 potions of resistance
 P - a potion of heal wounds


   Skills:
 * Level 7.4 Fighting
 + Level 6.6(7.0) Short Blades
 + Level 3.1(5.3) Long Blades
 - Level 2.6 Polearms
 - Level 3.5 Throwing
 * Level 7.9 Dodging
 - Level 11.3 Stealth
 + Level 4.3 Shields
 * Level 6.2 Spellcasting
 + Level 2.7 Conjurations
 + Level 3.6 Translocations
 * Level 2.9 Fire Magic
 + Level 6.6 Ice Magic
 + Level 0.8 Air Magic
 + Level 0.2 Evocations


You had 13 spell levels left.
You knew the following spells:

 Your Spells              Type           Power      Damage    Failure   Level
b - Blink                 Tloc           32%        N/A       6%          2
f - Fireball              Conj/Fire      7%         3d5       85%         5
r - Frozen Ramparts       Ice            52%        1d8       3%          3

Your spell library contained the following spells:

 Spells                   Type           Power      Damage    Failure   Level
 Freeze                   Ice            100%       1d10      1%          1
 Magic Dart               Conj           52%        1d5       6%          1
 Lesser Beckoning         Tloc           32%        N/A       6%          2
 Momentum Strike          Conj/Tloc      30%        3d8       8%          2
 Hailstorm                Conj/Ice       20%        3d7       8%          3
 Gell's Gravitas          Tloc           16%        N/A       12%         3
 Teleport Other           Tloc           16%        N/A       12%         3
 Call Imp                 Summ           10%        N/A       28%         2
 Vhi's Electric Charge    Tloc/Air       24%        N/A       58%         4
 Brom's Barrelling Bould  Conj/Erth      9%         2d3       71%         4
 Freezing Cloud           Conj/Ice/Air   7%         6-21      77%         5
 Summon Lightning Spire   Summ/Air       6%         N/A       83%         4
 Iskenderun's Battlesphe  Conj           13%        2d7       85%         5
 Summon Forest            Summ/Tloc      5%         N/A       94%         5
 Lee's Rapid Deconstruct  Erth           2%         3d5*      99%         5
 Silence                  Hex/Air        3%         N/A       99%         5
 Conjure Ball Lightning   Conj/Air       5%         3x3d6     100%        6
 Eringya's Noxious Bog    Alch           2%         4d6       100%        6
 Haunt                    Necr/Summ      2%         N/A       100%        7
 Orb of Destruction       Conj           6%         9d6       100%        7
 Summon Hydra             Summ           2%         N/A       100%        7
 Borgnjor's Revivificati  Necr           2%         N/A       100%        8
 Death's Door             Necr           2%         N/A       100%        9
 Animate Armour           Summ/Erth      Unusable   N/A       N/A         4

Dungeon Overview and Level Annotations

Branches:
Dungeon (11/15)            Temple (0/1) D:6            Lair (0/5) D:11
    Orc (1/2) D:9           IceCv (1/1)

Altars:
Cheibriados
Elyvilon
Fedhas
Gozag
Hepliaklqana
Kikubaaqudgha
Makhleb
Okawaru
Qazlal
Uskayaw
Vehumet
Wu Jian
Xom
Yredelemnul
The Shining One

Shops:
D:5 *   D:6 =   D:9 (

Annotations:
D:6 3 runed translucent doors, Ceno's ghost, novice VSBr
D:10 Joseph IceCv exclusion: 2 ice statues


Innate Abilities, Weirdness & Mutations

You cannot wear most types of armour.
You are amphibious.
You can wear up to eight rings at the same time.
Your skin changes colour to match your surroundings (Stealth+).
Your rubbery body absorbs attacks. (AC +1, EV +1)
((You are camouflaged when in or above water. (Stealth+)))
You have tentacles for arms and can constrict up to eight enemies at once.


Message History

The ice statue is moderately damaged.
You hit the ice statue.
You tentacle-slap the ice statue, but do no damage.
The ice statue is moderately damaged.
The ice statue glitters chillingly in the dim dungeon light.
You hit the ice statue but do no damage.
The ice statue is moderately damaged.
You hit the ice statue.
The ice statue is moderately damaged.
The ice statue gestures.
You hit the ice statue.
You squeeze the ice statue, but do no damage.
The ice statue is heavily damaged.
You hit the ice statue but do no damage.
You squeeze the ice statue!
The ice statue is heavily damaged.
The ice statue glitters chillingly in the dim dungeon light.
The ice statue gestures at you. The bolt of cold misses you.
You hit the ice statue. You squeeze the ice statue.
The ice statue is severely damaged.
The ice statue gestures at you. The freezing blast misses you.
You barely miss the ice statue.
You tentacle-slap the ice statue, but do no damage.
You squeeze the ice statue, but do no damage.
The ice statue is severely damaged.
You are engulfed in freezing vapours.
You hit the ice statue but do no damage.
You squeeze the ice statue!
The ice statue is severely damaged.
You are engulfed in freezing vapours.
You slash the ice statue!
The ice statue is almost destroyed.
You are engulfed in freezing vapours.
* * * LOW HITPOINT WARNING * * *
The ice statue gestures at you. The shard of ice hits you!!
You die...
Your body crumbles into a pile of gold.

#####...## #
##........## #.
##..........# ##
...#..........###.#
...............#.#
#............#.#
#......○○..°#
###I#..○○#I#
####..#@# #..☼##
##○○## ##..# ##...#
##...## #...##
#...## ##...#


You could see an ice statue.

Vanquished Creatures
  Erolcha (D:9)
  A two-headed ogre (D:10)
  2 orc high priests (Orc:1)
  2 deep elf zephyrmancers (D:9)
  An orc sorcerer (Orc:1)
  2 cyclopes
  2 kobold blastminers
  Jeremiah (D:6)
  An ice devil (IceCv)
  A komodo dragon (D:11)
  3 trolls
  Sigmund (D:2)
  A slime creature (D:8)
  A wyvern (D:8)
  2 vampires
  10 yaks
  A human (D:9)
  2 wargs (Orc:1)
  A vampire mosquito (D:8)
  10 orc warriors
  2 ice beasts
  2 black bears
  A swamp drake (D:9)
  A sky beast (D:7)
  5 ogres
  2 centaurs
  A phantom (D:5)
  2 bullfrogs
  3 kobold brigands
  A two-headed ogre simulacrum (IceCv)
  5 scorpions
  2 gnoll sergeants
  3 wights (D:8)
  6 killer bees (D:9)
  A crimson imp (D:9)
  3 jellies
  An iron imp (D:9)
  8 orc priests
  A bombardier beetle (D:4)
  A hound (D:6)
  4 iguanas
  8 sleepcaps
  9 orc wizards
  A spriggan simulacrum (IceCv)
  A troll simulacrum (IceCv)
  6 gnolls
  7 adders
  A naga simulacrum (IceCv)
  2 shadow imps
  8 white imps
  2 ufetubi (D:6)
  A ribbon worm (D:2)
  3 dart slugs (D:3)
  56 orcs
  5 ball pythons
  6 bats
  7 endoplasms
  A giant cockroach (D:1)
  5 goblins
  6 hobgoblins
  4 jackals (D:1)
  3 quokkas
  3 goblin skeletons (D:3)
  A goblin zombie (D:3)
  18 kobolds
  2 orc skeletons (D:3)
  2 orc zombies (D:3)
  8 rats
277 creatures vanquished.

Vanquished Creatures (others)
  2 orcs
2 creatures vanquished.

Grand Total: 279 creatures vanquished

Notes
Turn   | Place    | Note
-------+----------+-------------------------------------------
     0 | D:5      | Esekla the Octopode Delver began the quest for the Orb.
     0 | D:5      | Reached XP level 1. HP: 16/16 MP: 1/1
    17 | D:5      | Noticed a phantom
    22 | D:5      | Found an opulent altar of Gozag.
    26 | D:5      | Found Gozag's Platinum Reserve.
    35 | D:5      | Noticed a scorpion
   167 | D:5      | Became a worshipper of Gozag Ym Sagoz the Greedy
   262 | D:4      | Noticed a bombardier beetle
   345 | D:4      | Reached XP level 2. HP: 21/21 MP: 2/2
   373 | D:4      | Reached skill level 7 in Stealth
   380 | D:4      | Noticed a +0 dagger
   380 | D:4      | Noticed a +0 short sword
   400 | D:4      | Noticed a +0 falchion
   401 | D:4      | Noticed a +0 spear
   401 | D:4      | Noticed a +0 falchion
   402 | D:4      | Noticed a +0 short sword
   402 | D:4      | Noticed a +0 dagger
   402 | D:4      | Noticed a +0 spear
   414 | D:4      | Found a hide-covered altar of Uskayaw.
   428 | D:4      | Noticed a scorpion
   543 | D:4      | Identified the +6 ring mail of Leokkomu {Fly Regen+ Str+2
                  | Int+2}
   742 | D:4      | Found a burning altar of Makhleb.
   790 | D:3      | Reached XP level 3. HP: 26/26 MP: 3/3
  1685 | D:2      | Noticed Sigmund
  1731 | D:2      | Reached XP level 4. HP: 31/31 MP: 4/4
  2146 | D:3      | Found a glowing golden altar of the Shining One.
  2828 | D:3      | Reached skill level 1 in Translocations
  2828 | D:3      | Reached XP level 5. HP: 31/36 MP: 6/6
  3001 | D:3      | Reached skill level 1 in Ice Magic
  3127 | D:4      | Found a blossoming altar of Fedhas.
  3211 | D:4      | Reached skill level 1 in Spellcasting
  3315 | D:4      | Reached skill level 8 in Stealth
  3445 | D:5      | Reached XP level 6. HP: 43/43 MP: 7/7
  3543 | D:5      | Reached skill level 1 in Short Blades
  3690 | D:5      | HP: 2/43 [sleepcap (21)]
  3866 | D:5      | Reached XP level 7. HP: 31/48 MP: 9/9
  4351 | D:5      | Found a snail-covered altar of Cheibriados.
  4461 | D:6      | Reached skill level 1 in Throwing
  4513 | D:6      | Found an ornate altar of the Wu Jian Council.
  4554 | D:6      | Found a runed translucent gate.
  4554 | D:6      | Found a runed translucent gate.
  4554 | D:6      | Found an opulent altar of Gozag.
  4555 | D:6      | Found a runed translucent gate.
  4848 | D:6      | Noticed Jeremiah
  4868 | D:6      | Noticed a troll
  4959 | D:6      | Noticed Ceno's ghost (novice VSBr)
  4985 | D:6      | Reached XP level 8. HP: 13/54 MP: 11/11
  5149 | D:6      | Reached skill level 1 in Shields
  5186 | D:6      | Found a staircase to the Ecumenical Temple.
  5205 | D:6      | Found a stormy altar of Qazlal.
  5880 | D:2      | Killed Sigmund
  5881 | D:2      | Reached skill level 9 in Stealth
  6829 | D:7      | Found an ancient bone altar of Kikubaaqudgha.
  7094 | D:7      | Found a hazy altar of Hepliaklqana.
  7391 | D:7      | Reached XP level 9. HP: 59/59 MP: 12/12
  7398 | D:7      | Learned a level 3 spell: Frozen Ramparts
  7401 | D:7      | Learned a level 2 spell: Blink
  7646 | D:8      | Found an iron altar of Okawaru.
  7646 | D:8      | Found a shimmering altar of Xom.
  7666 | D:8      | Found a shimmering altar of Xom.
  8112 | D:8      | Reached skill level 5 in Fighting
  8150 | D:8      | Reached skill level 5 in Dodging
  8243 | D:8      | Noticed a two-headed ogre
  8336 | D:8      | Noticed a cyclops
  8348 | D:8      | Reached skill level 1 in Polearms
  8400 | D:6      | Bought a +4 ring of slaying for 780 gold pieces
  8471 | D:6      | Killed a troll
  8800 | D:6      | Killed Jeremiah
  9166 | D:8      | Killed a cyclops
  9167 | D:8      | Reached XP level 10. HP: 53/68 MP: 15/15
  9367 | D:8      | Found a shimmering altar of Xom.
  9371 | D:8      | Found a shimmering altar of Xom.
  9460 | D:8      | Reached skill level 5 in Ice Magic
  9629 | D:8      | Reached skill level 10 in Stealth
  9670 | D:8      | Reached skill level 5 in Short Blades
  9674 | D:8      | Identified the +2 leather armour of Lethargy {rElec rN+
                  | Slay+3 Stlth+}
 10564 | D:9      | Found a staircase to the Orcish Mines.
 10788 | D:9      | Noticed a deep elf zephyrmancer
 10791 | D:9      | Reached XP level 11. HP: 72/72 MP: 18/18
 10798 | D:9      | Killed a deep elf zephyrmancer
 10799 | D:9      | Reached skill level 11 in Stealth
 10807 | D:9      | Noticed a deep elf zephyrmancer
 10814 | D:9      | Killed a deep elf zephyrmancer
 10815 | D:9      | Reached skill level 5 in Spellcasting
 10817 | D:9      | Identified the +0 hat of the Platytaur {rC+ rN+ MP-9 Str+2}
 10993 | D:9      | Noticed Erolcha
 10997 | D:9      | Killed Erolcha
 11219 | Orc:1    | Entered Level 1 of the Orcish Mines
 11219 | Orc:1    | Noticed a cyclops
 11221 | Orc:1    | Killed a cyclops
 11745 | D:10     | Entered Level 10 of the Dungeon
 11745 | D:10     | Noticed a two-headed ogre
 11747 | D:10     | Killed a two-headed ogre
 11748 | D:10     | Reached skill level 1 in Conjurations
 11748 | D:10     | Reached skill level 1 in Fire Magic
 11762 | D:10     | Found a radiant altar of Vehumet.
 12032 | D:10     | Noticed Joseph
 13486 | Orc:1    | Noticed an orc high priest
 13515 | Orc:1    | Noticed an orc sorcerer
 13533 | Orc:1    | Killed an orc sorcerer
 14169 | Orc:1    | Killed an orc high priest
 14409 | Orc:1    | Noticed an orc high priest
 14474 | Orc:1    | Killed an orc high priest
 14807 | D:9      | Bought a glowing demon blade for 630 gold pieces
 14842 | D:10     | Got the Codex of Electrocution
 14844 | D:10     | Found a white marble altar of Elyvilon.
 14937 | D:10     | Found a basalt altar of Yredelemnul.
 15097 | D:11     | Reached XP level 12. HP: 75/81 MP: 21/21
 15240 | D:11     | Noticed a two-headed ogre
 15517 | D:11     | Found a frozen archway.
 15537 | IceCv    | Entered an ice cave
 15687 | IceCv    | Learned a level 5 spell: Fireball
 15944 | IceCv    | Killed from afar by an ice statue

Illustrated notes

Levels and vault maps discovered:
D:1:      minmay_arrival_three_doors, layout_loops_ring,
          nicolae_figureground_pulse
D:2:      layout_rooms, uniq_sigmund
D:3:      layout_loops_corners, nicolae_tso_besieged_by_evil,
          serial_bayou_pond_a
D:4:      layout_loops_cross, lemuel_doored_altar, nicolae_uskayaw_en_pointe,
          mainiacjoe_overflow_alcove_2, dk_noncrumbling_4,
          kennysheep_pointless_box, nicolae_concentric_dashed_squares_mild
D:5:      layout_basic, mainiacjoe_overflow_alcove_1,
          nicolae_gozag_zags_fifth_avenue, kennysheep_generic_room_8
D:6:      layout_basic, grunt_qazlal_clouds, mainiacjoe_overflow_cross_hatched,
          minmay_temple_entry_trees, ebering_ghost_gozag, uniq_jeremiah
D:7:      layout_basic, mainiacjoe_overflow_catwalk, pf_just_have_faith,
          hellmonk_no_cap
D:8:      minmay_chambers_of_sixes, layout_cave_pools, xom_shifter_show,
          kennysheep_okawaru_gauntlet
D:9:      layout_loops_ring, erik_orc_4, hangedman_minor_magic, uniq_erolcha
D:10:     layout_irregular_city, mainiacjoe_overflow_concentric_impassable,
          nicolae_elyvilon_peaceful_grove, mainiacjoe_overflow_chevrons,
          yredelemnul_altar_generic, uniq_joseph
D:11:     layout_stronghold, grunt_lair_entry_orc_guard_hut,
          portal_ice_cave_entry_pillars_1
Orc:1:    layout_caves
IceCv:    ice_cave_small_demon

Skill      XL: |  1  2  3  4  5  6  7  8  9 10 11 |
---------------+----------------------------------+-----
Stealth        | 7 8 9 10 11 | 11.3
Translocations | 1 2 3 |  3.6
Ice Magic      | 1 2 3 4 5 6 |  6.6
Spellcasting   | 1 2 3 4 6 |  6.2
Short Blades   | 1 3 4 5 6 |  6.6
Fighting       | 4 5 6 7 |  7.4
Dodging        | 3 4 5 6 7 |  7.9
Throwing       | 1 2 3 |  3.5
Shields        | 2 3 4 |  4.3
Long Blades    | 3 |  3.1
Polearms       | 2 |  2.6
Conjurations   | 2 |  2.7
Fire Magic     | 2 |  2.9
Air Magic      | |  0.8
Evocations     | |  0.2

Action                     |  1- 3 |  4- 6 |  7- 9 | 10-12 || total
---------------------------+-------+-------+-------+-------++-------
  Melee: Falchion          |    31 |    34 |       |       ||    65
         Constrict         |    13 |    17 |    43 |    59 ||   132
         Tentacles         |    11 |    18 |    55 |    94 ||   178
         Punch             |     2 |     1 |    16 |    42 ||    61
         Dagger            |    27 |    21 |   210 |   312 ||   570
         Long sword        |       |    14 |       |       ||    14
         Trident           |       |       |    26 |     5 ||    31
         Demon blade       |       |       |       |    24 ||    24
  Throw: Dart              |       |    20 |     6 |    34 ||    60
         Boomerang         |       |       |     1 |    18 ||    19
   Cast: Frozen Ramparts   |       |       |     3 |    29 ||    32
         Blink             |       |       |       |     1 ||     1
 Invoke: Call Merchant     |       |       |     1 |     1 ||     2
  Evoke: Wand              |       |       |     4 |     4 ||     8
    Use: Scroll            |     3 |     2 |     7 |    11 ||    23
         Potion            |       |       |     1 |     2 ||     3
   Stab: Sleeping          |    17 |    13 |     9 |    19 ||    58
         Distracted        |       |     1 |     1 |     2 ||     4
 Armour: Skin              |    15 |    24 |    82 |   150 ||   271
  Dodge: Dodged            |    28 |    33 |   106 |   168 ||   335
  Block: Buckler           |       |       |    25 |    54 ||    79

Table legend: (Time is in decaauts)
 A = Elapsed time spent in this place.
 B = Non-inter-level travel time spent in this place.
 C = Inter-level travel time spent in this place.
 D = Time resting spent in this place.
 E = Time spent auto-exploring this place.
 F = Levels seen in this place.
 G = Mean time per level.
                   A        B        C        D        E       F      G
               +--------+--------+--------+--------+--------+-----+--------+
         Total |  15827 |  15325 |    502 |   5116 |   2404 |  13 | 1217.5 |
       Dungeon |  14203 |  13739 |    464 |   4359 |   2263 |  11 | 1291.2 |
  Orcish Mines |   1214 |   1176 |     38 |    511 |    141 |   1 | 1214.0 |
      Ice Cave |    409 |    409 |      0 |    245 |      0 |   1 |  409.0 |
               +--------+--------+--------+--------+--------+-----+--------+

Top non-repeatable levels by time:
     D:9: 3513 daAuts
     D:6: 1968 daAuts
     D:5: 1442 daAuts
     D:8: 1316 daAuts
     D:7: 1279 daAuts
     D:4: 1260 daAuts
   Orc:1: 1214 daAuts
     D:3: 1131 daAuts
     D:1: 750 daAuts
     D:2: 577 daAuts
    D:10: 517 daAuts
    D:11: 446 daAuts
   IceCv: 409 daAuts
